Zazza, neutral female human Tourist # # ----.-- --.----- # ######+.....| |.[....| * #.------ # |......# # --------- |.......* |.<...+#### #......|# ------ |.......| |.......####|..)..|## #|.....|# ##-....| |.......| |......| #:@..)..## #|.....|# ##|.....###### |.......| -----|-- #|.....|# #|.....|# ####|....| # |.......| # # # #-------# #-------# # #|....| ##+.......| ### # ################################### #----+- --------- # # # # # # # ##### ### # # # # # # # # # # # # # # ### ################ # # ################ ### # --.-----# #--+---+--# # ----------# # ### |......-## #|......>|###########.<.......|###### ### # |......|## |........# ###|........+# -+---.---.---- |......|#### |.......|# #|........|####.............| |......| # ---------# |........|# |............| -------- ############# ---------- -------------- Zazza the Rambler Experience level: 1 Strength: 12 Dexterity: 8 Constitution: 15 Intelligence: 11 Wisdom: 11 Charisma: 18 Health: 0(19) Energy: 2(2) Def: 7 Gold: 337 Moves: 2874 Dungeon seed: jB3N920IPIKkLZVQ Game ID: Zazza_1607191783 Your Inventory: Coins $ - 337 gold pieces Weapons a - 29 +2 darts p - a +0 katana Armor e - a blessed +0 Hawaiian shirt n - an uncursed +0 elven mithril-coat (being worn) r - an uncursed +0 pair of water walking boots (being worn) y - an uncursed +0 elven cloak (being worn) z - an uncursed +0 pair of elven boots Comestibles c - an uncursed melon d - an uncursed egg f - 2 uncursed tripe rations h - 2 uncursed food rations Scrolls j - a blessed scroll of magic mapping k - 2 uncursed scrolls of magic mapping s - an uncursed scroll of charging u - a cursed scroll of enchant armor I - an uncursed scroll of remove curse Spellbooks K - an uncursed spellbook of teleport away Potions i - an uncursed potion of extra healing D - an uncursed potion of full healing L - an uncursed potion of see invisible O - an uncursed potion of fruit juice Wands F - a wand of create monster (0:12) Tools l - an expensive camera (1:92) m - an uncursed credit card t - an uncursed tooled horn E - an uncursed leash Gems q - an uncursed worthless piece of yellow glass Spells and supernatural/magical abilities: Name Level Category Fail Memory W - pray for help -- divine ? -- Your skills at the end: Fighting Skills Weapon Skills dart [Basic] Spellcasting Skills Final Attributes: You were stridently aligned. You were stealthy. You could walk on water. You are dead. Vanquished creatures: a homunculus a wererat a werejackal an iguana a gas spore a hobbit 2 manes a large kobold a giant rat a yellow mold a red mold a garter snake a gnome zombie a gecko 14 jackals a fox 2 kobolds a sewer rat 5 grid bugs 6 lichens a kobold zombie 10 newts 55 creatures vanquished. Voluntary challenges: You used a wielded weapon 2 times, starting on turn 409. You read items or engraved 7 times, starting on turn 94. You never genocided any monsters. You never polymorphed an object. You never changed form. You used no wishes. You never split a pudding. You wrote Elbereth's name 1 time, starting on turn 1896. You never violated your personal moral code. Dungeon overview: The Dungeons of Doom: levels 1 to 7 Level 1 a long staircase Level 2 Level 3 an armor shop Level 4 an altar to The Lady a long staircase Level 5 Level 6 Level 7 <- You were here a long staircase History has recorded: On T:1 you entered the Dungeons of Doom to retrieve the Amulet of Yendor! On T:401 you reached level 2 of The Dungeons of Doom. On T:793 you reached level 3 of The Dungeons of Doom. On T:1289 you reached level 4 of The Dungeons of Doom. On T:1733 you reached level 5 of The Dungeons of Doom. On T:2403 you reached level 6 of The Dungeons of Doom. On T:2787 you reached level 7 of The Dungeons of Doom. Score breakdown: Gold: 0 ( 0 points) Experience: 1 level ( 0 points) Exploration: 7 levels ( 15.56%) (11078 points) Discoveries: 6 items ( 2.01%) ( 4256 points) Valuables value: (no points given unless you survive) Artifact value: 0 ( 0 points) Variety of kills: 22 monsters ( 5.77%) ( 7208 points) Turncount: 2874 turns ( -536 points) Survival: died (score multiplied by 80%) Total score: 17604 Latest messages: The dart hits the iguana. The dart misses the iguana. You miss the iguana. The iguana bites! You hear a crunching sound. The door opens. You see here a ring mail. As you read the scroll, it disappears. A map coalesces in your mind! You see here 9 rocks. You miss the iguana. The iguana bites! You miss the iguana. You hit the iguana. The iguana misses. You miss the iguana. You hit the iguana. The iguana misses. You miss the iguana. You hit the iguana. The iguana bites! You die... Final status: Aloha Zazza the Tourist, killed by an iguana... You died in The Dungeons of Doom on dungeon level 7 with 17604 points, and 337 pieces of gold, after 2874 moves. You were level 1 with a maximum of 19 hit points when you died.